AoeStats
← LeonMastin

MegaRandom

509964001Analyzed
4v4 RM · 2d ago on Sep 28, 2026· 22m 26s· 8 players
Game mode
Random Map
Map size
Large (8 player)
Population
200
Speed
Normal
Resources
Standard
Victory
Conquest
Starting age
Dark Age
Ending age
Imperial Age
RankedLock teamsTeams togetherTeam positionsShared explorationLock speedFull tech treeHidden civsTurbo modeCheats
Victory
Defeat
🇷🇺 Byzantines · Russia
1091
+13
🇪🇸 Berbers · Spain
990
+17
🇨🇴 Franks · Colombia
982
+17
🇷🇺 Mongols · Russia
938
+18
🇹🇷 Burgundians · Türkiye
1034
-17
🇵🇱 Danes · Poland
1034
-17
🇦🇺 Spanish · Australia
1022
-17
🇨🇱 Gurjaras · Chile
941
-14
LeonMastin
4:56 Loom
15:04 Feudal Age
16:21 Double-Bit Axe
21:33 Fletching
cj23cajoga
3:29 Loom
21:33 Feudal Age
FinnMaccool
4:41 Loom
14:43 Feudal Age
16:09 Wheelbarrow
15:46 Double-Bit Axe
22:10 Castle Age
21:11 Fishing Lines
Shaci
6:45 Loom
15:02 Feudal Age
20:09 Castle Age
18:41 Bloodlines
Juan Carlos Bodoque
5:12 Loom
17:21 Feudal Age
17:52 Town Watch
20:05 Wheelbarrow
19:56 Horse Collar
MAMMA MIA!
6:06 Loom
Viking
7:43 Loom
16:26 Feudal Age
20:14 Castle Age
19:23 Arson
Rido
3:22 Loom
14:46 Feudal Age
19:55 Castle Age
19:12 Double-Bit Axe
19:35 Scale Barding Armor
Connection lost

Rejoining the realm…

Still unreachable

The connection could not be restored.

Session expired

The server has moved on; the page needs a fresh start.